 Dungeon Crawl Stone Soup version 0.22-a0-76-gd698a02 (webtiles) character file.

18 kibaces the Grave Robber (level 2, 0/19 HPs)
             Began as a Demonspawn Necromancer on Jan 13, 2018.
             Slain by a worm (6 damage)
             ... on level 1 of the Dungeon.
             The game lasted 00:04:34 (1833 turns).

kibaces the Grave Robber (Demonspawn Necromancer)   Turns: 1833, Time: 00:04:35

Health: 0/19       AC:  2    Str:  8    XL:     2   Next: 48%
Magic:  0/5        EV: 12    Int: 16    God:
Gold:   43         SH:  0    Dex: 13    Spells: 3/5 levels left

rFire    . . .     SeeInvis .   (no weapon)
rCold    . . .     Gourm    .   (no shield)
rNeg     . . .     Faith    .   a - +0 robe
rPois    .         Spirit   .   (no helmet)
rElec    .         Reflect  .   (no cloak)
rCorr    .         Harm     .   (no gloves)
MR       .....                  (no boots)
Stlth    +++.......             (no amulet)
HPRegen  0.06/turn              (no ring)
MPRegen  0.09/turn              (no ring)

@: no status effects
A: nightstalker 1
a: no special abilities


You were on level 1 of the Dungeon.
You were not hungry.

You visited 1 branch of the dungeon, and saw 2 of its levels.

You collected 43 gold pieces.

Inventory:

Armour
 a - a +0 robe (worn)
Scrolls
 e - a scroll of amnesia {unknown}
 f - a scroll of immolation {unknown}
 g - a scroll of enchant weapon {unknown}
 h - a scroll of identify {unknown}
 j - a scroll of fear {unknown}
Potions
 d - a potion of lignification {unknown}
 i - a potion of cancellation {unknown}
Books
 b - a book of Necromancy

   Spells                             Type                      Level
   a - Pain                           Necromancy                   1
   b - Animate Skeleton               Necromancy                   1
   c - Vampiric Draining              Necromancy                   3
   d - Regeneration                   Charms/Necromancy            3
   e - Animate Dead                   Necromancy                   4
   f - Borgnjor's Vile Clutch         Necromancy/Earth             5


   Skills:
 + Level 1.8 Dodging
 - Level 2.0 Stealth
 * Level 2.2 Spellcasting
 * Level 4.9 Necromancy


You had 3 spell levels left.
You knew the following spells:

 Your Spells              Type           Power        Failure   Level  Hunger
a - Pain                  Necr           ###.         2%          1    #......
b - Animate Skeleton      Necr           N/A          2%          1    #......


Dungeon Overview and Level Annotations

Branches:
Dungeon (2/15)

Altars:


Innate Abilities, Weirdness & Mutations

You are slightly more attuned to the shadows.


Message History

Aiming: Pain
Press: ? - help, Shift-Dir - straight line, f/p - worm
Aim: a worm (moderately wounded, chance to defeat MR: 82%)
The worm barely resists.
The worm bites you!
Casting: Pain
Confirm with . or Enter, or press ? or * to list all spells.
Aiming: Pain
Press: ? - help, Shift-Dir - straight line, f/p - worm
Aim: a worm (lightly wounded, chance to defeat MR: 82%)
The worm writhes in agony!
Casting: Pain
Confirm with . or Enter, or press ? or * to list all spells.
You don't have enough magic to cast that spell.
Casting: Pain
Confirm with . or Enter, or press ? or * to list all spells.
You don't have enough magic to cast that spell.
You hit the worm.
The worm is moderately wounded.
The worm bites you.
You die...

#.##.##...# #.....##.#
..##.##...## #.###....#
...........# ########.# ######
#....##....# #.....##.#
.....##....#### #.###.##.#
#.......(.....###.###.##.########
...#(##.##.##.##.........##.....#
##.#.##.##.##..#.w#......##.....#
................@......w........#
.#.#.......##..#.#...#.#.##.....#
.#.###.....##.##.#.....#.##.....#
...# #........##.....###.########
#### #.#......##.##..###.#
#.#...#.###.........###### ###
#.##.##.######.#######.#.## '.#
#.........####.######.#...## #.#
###.###.#.##....).#.).......


You could see a worm.

Vanquished Creatures
  An ooze (D:1)
  A giant cockroach (D:1)
  2 goblins (D:1)
  A hobgoblin (D:1)
  3 jackals (D:1)
  2 bats (D:1)
  2 kobolds (D:1)
  2 rats
14 creatures vanquished.

Notes
Turn   | Place    | Note
-------+----------+-------------------------------------------
     0 | D:1      | kibaces the Demonspawn Necromancer began the quest for the Orb.
     0 | D:1      | Reached XP level 1. HP: 13/13 MP: 3/3
   115 | D:1      | Learned a level 1 spell: Animate Skeleton
   294 | D:1      | Gained mutation: You are slightly more attuned to the shadows. [demonic ancestry]
   294 | D:1      | Reached XP level 2. HP: 17/19 MP: 0/5
  1833 | D:1      | Slain by a worm

Vault maps used:
D:1:      evilmike_arrival_plus, grunt_decor_arrowhead,
          hangedman_abyss_or_decor_lesser_grid
D:2:      first_ration

Skill      XL: |  1 |
---------------+----+-----
Stealth        | 2 |  2.0
Dodging        | |  1.8
Spellcasting   | |  2.2
Necromancy     | |  4.9

Action                   || total
-------------------------++-------
Melee: Unarmed           ||     7
 Cast: Pain              ||    59
       Animate Skeleton  ||     6
  Eat: Ration            ||     1
Armor: Robe              ||     5
Dodge: Dodged            ||    23

Table legend:
 A = Spawn XP
 B = Non-spawn XP
 C = Spawn XP percentage of total XP
 D = Spawn monster count
 E = Non-spawn monster count
 F = Spawn count percentage of total count
 G = Total turns spent on level
                    A         B        C        D         E        F      G
               +---------+---------+-------+---------+---------+-------+---------
         Total |       0 |      26 |   0.0 |       0 |      14 |   0.0 |  1833
               +---------+---------+-------+---------+---------+-------+---------
           D:1 |       0 |      25 |   0.0 |       0 |      13 |   0.0 |  1683
           D:2 |       0 |       1 |   0.0 |       0 |       1 |   0.0 |   150
               +---------+---------+-------+---------+---------+-------+---------
